[Event "Titled Tuesday Blitz November 14 Early 2023"]
[White "Maghsoodloo, Parham"]
[Black "TomLiu777"]
[WhiteFideId "12539929"]
[WhiteElo "2970"]
[BlackElo "2520"]
[Result "0-1"]
[Round "1"]
[TimeControl "180+1"]
[Date "2023.11.14"]
[WhiteClock "0:00:00"]
[BlackClock "0:00:13"]
[Board "24"]

1. d4 Nf6 2. c4 c5 3. d5 e6 4. Nc3 exd5 5. cxd5 d6 6. e4 g6 7. Be2 Bg7 8. Bg5 O-O 9. Nf3 a6 10. a4 Bg4 11. Nd2 Bxe2 12. Qxe2 Nbd7 13. O-O Re8 14. Be3 Qc7 15. h3 Rab8 16. Rfe1 Ne5 17. Bf4 Nfd7 18. Bg3 c4 19. Red1 b5 20. axb5 axb5 21. Ra6 Nc5 22. Bxe5 Nxa6 23. Bxg7 Kxg7 24. Nf3 b4 25. Nb1 c3 26. bxc3 bxc3 27. Rc1 c2 28. Na3 Nb4 29. Nxc2 Rbc8 30. Nfe1 Qc4 0-1


[Site "https://www.chess.com"]

[Event "Titled Tuesday Blitz November 14 Early 2023"]
[White "Grossboss19"]
[Black "Xu, Xiangyu"]
[BlackFideId "8608288"]
[WhiteElo "2519"]
[BlackElo "2969"]
[Result "0-1"]
[Round "1"]
[TimeControl "180+1"]
[Date "2023.11.14"]
[WhiteClock "0:00:06"]
[BlackClock "0:00:25"]
[Board "25"]

1. d4 Nf6 2. c4 e6 3. Nf3 b6 4. e3 Bb7 5. Bd3 Be7 6. O-O O-O 7. Nbd2 d5 8. b3 dxc4 9. Nxc4 c5 10. Bb2 cxd4 11. Nxd4 Nc6 12. Be2 Nxd4 13. Qxd4 Qxd4 14. Bxd4 Rac8 15. Rac1 Rfd8 16. Rfd1 Nd5 17. Bf3 f6 18. Bb2 Kf8 19. Be4 h6 20. g3 Ba6 21. a3 Bxc4 22. bxc4 Nc7 23. Bb7 Rb8 24. Bf3 Na6 25. Bg4 Kf7 26. Bh5+ g6 27. Be2 Rbc8 28. h4 Nc5 29. Kg2 Na4 30. Rxd8 Rxd8 31. Rc2 f5 32. Bc1 Bf6 33. e4 fxe4 34. Bxh6 Bb2 35. Be3 Rd7 36. Bg4 Bf6 37. h5 gxh5 38. Bxh5+ Ke7 39. Bg6 Bd4 40. Bg5+ Bf6 41. Bf4 Nc5 42. Be3 Bd4 43. Bg5+ Bf6 44. Be3 Rd3 45. a4 Ra3 46. Bxc5+ bxc5 47. Bxe4 Rxa4 48. Bc6 Ra3 49. f4 a5 50. g4 Bd4 51. g5 Ra1 52. Kf3 a4 53. Re2 Kd6 54. Be8 a3 55. f5 exf5 56. g6 a2 57. Kf4 Rf1+ 58. Kg5 a1=Q 59. Bf7 Bf6+ 60. Kh6 Rh1+ 0-1


[Site "https://www.chess.com"]

[Event "Titled Tuesday Blitz November 14 Early 2023"]
[White "Gholami Orimi, Mahdi"]
[Black "HeroRubiksCube"]
[WhiteFideId "12558486"]
[WhiteElo "2967"]
[BlackElo "2519"]
[Result "1-0"]
[Round "1"]
[TimeControl "180+1"]
[Date "2023.11.14"]
[WhiteClock "0:01:21"]
[BlackClock "0:00:16"]
[Board "26"]

1. d4 Nf6 2. c4 e6 3. Nc3 d5 4. cxd5 exd5 5. Bg5 c6 6. e3 h6 7. Bh4 Be7 8. Bd3 O-O 9. Nge2 Nbd7 10. Qc2 Re8 11. O-O Ne4 12. Bxe7 Qxe7 13. Rae1 Ndf6 14. f3 Nxc3 15. Nxc3 c5 16. dxc5 Qxc5 17. Nb5 Qxc2 18. Bxc2 Rd8 19. Nd4 Be6 20. Bd3 Rac8 21. Rc1 a6 22. Kf2 Nd7 23. Ke2 Kf8 24. Kd2 Ke7 25. h4 Ne5 26. b3 Rxc1 27. Rxc1 Rc8 28. Rg1 Nc6 29. Nc2 b5 30. Ra1 Rb8 31. Kc3 a5 32. a3 b4+ 33. axb4 axb4+ 34. Kb2 f5 35. Ra6 Kd7 36. h5 Ne5 37. Be2 Nc6 38. Nd4 Nxd4 39. exd4 f4 40. Ra7+ Kd6 41. Rxg7 Bf5 42. Rf7 Ke6 43. Rc7 Rg8 44. Bf1 Kd6 45. Rb7 Kc6 46. Rxb4 Rc8 47. Ka3 Ra8+ 48. Ra4 Re8 49. Ra6+ Kb7 50. Rxh6 Re1 51. Bb5 Rg1 52. Rf6 Bc2 53. Bc6+ Kb6 54. Bxd5+ Ka5 55. Bc4 1-0


[Site "https://www.chess.com"]

[Event "Titled Tuesday Blitz November 14 Early 2023"]
[White "Rietze, Clemens, Dr."]
[Black "Daneshvar, Bardiya"]
[WhiteFideId "24620351"]
[BlackFideId "12576468"]
[WhiteElo "2518"]
[BlackElo "2967"]
[Result "0-1"]
[Round "1"]
[TimeControl "180+1"]
[Date "2023.11.14"]
[WhiteClock "0:00:12"]
[BlackClock "0:01:35"]
[Board "27"]

1. d4 Nf6 2. c4 a6 3. Nc3 c5 4. d5 b5 5. cxb5 axb5 6. Nxb5 Ne4 7. Nc3 Nxc3 8. bxc3 g6 9. g3 Bg7 10. Bd2 O-O 11. Bg2 d6 12. Nf3 Ra3 13. O-O Qa5 14. Qc1 Nd7 15. Ne1 Ne5 16. Nc2 Ra4 17. Ne3 Ba6 18. Re1 Nc4 19. Nxc4 Bxc4 20. Qb2 Ra3 21. e4 Bxc3 22. Bxc3 Qxc3 23. Qxc3 Rxc3 24. a4 Ra8 25. a5 Rb3 26. Ra4 Bb5 27. Ra2 Rb4 28. Rea1 Bd3 29. f3 f5 30. exf5 Bc4 31. Ra4 Bxd5 32. fxg6 hxg6 33. f4 Bxg2 34. Kxg2 Rb2+ 35. Kf3 Ra6 36. h4 d5 37. Re1 Kf7 38. f5 gxf5 39. Rc1 c4 40. Kf4 Kf6 0-1


[Site "https://www.chess.com"]

[Event "Titled Tuesday Blitz November 14 Early 2023"]
[White "Grischuk, Alexander"]
[Black "Pinto, Daniel"]
[WhiteFideId "4126025"]
[BlackFideId "3303144"]
[WhiteElo "2962"]
[BlackElo "2518"]
[Result "1-0"]
[Round "1"]
[TimeControl "180+1"]
[Date "2023.11.14"]
[WhiteClock "0:01:20"]
[BlackClock "0:00:00"]
[Board "28"]

1. d4 Nf6 2. c4 c6 3. Bf4 d5 4. e3 Qb6 5. Qc1 Bf5 6. Nc3 e6 7. Nf3 Nbd7 8. h3 h6 9. a3 Be7 10. c5 Qd8 11. b4 O-O 12. Be2 Re8 13. O-O Ne4 14. Rd1 Bf6 15. Nxe4 Bxe4 16. Nd2 Bh7 17. Nb3 e5 18. Bg3 exd4 19. Nxd4 Bh4 20. Bxh4 Qxh4 21. b5 Rac8 22. bxc6 bxc6 23. Bg4 Re7 24. Qc3 h5 25. Bxd7 Rxd7 26. Ra2 Re7 27. Rb2 Be4 28. Re1 Qf6 29. a4 g5 30. f3 Bg6 31. a5 g4 32. hxg4 hxg4 33. fxg4 Qg5 34. Rf2 Rce8 35. Rf4 Qh4 36. Qd2 Re4 37. Qf2 Qxf2+ 38. Kxf2 Rxf4+ 39. exf4 Rb8 40. f5 Bh7 41. Nxc6 Rb2+ 42. Ke3 Rb5 43. Kd4 1-0


[Site "https://www.chess.com"]

[Event "Titled Tuesday Blitz November 14 Early 2023"]
[White "Olsson, Linus"]
[Black "Matlakov, Maxim"]
[WhiteFideId "1706098"]
[BlackFideId "4168003"]
[WhiteElo "2517"]
[BlackElo "2957"]
[Result "0-1"]
[Round "1"]
[TimeControl "180+1"]
[Date "2023.11.14"]
[WhiteClock "0:01:10"]
[BlackClock "0:01:49"]
[Board "29"]

1. d4 Nf6 2. c4 e6 3. g3 Nc6 4. Bg2 Rb8 5. Nf3 b5 6. c5 b4 7. O-O a5 8. Re1 d5 9. cxd6 cxd6 10. e4 d5 11. exd5 Nxd5 12. Nbd2 Be7 13. Ne4 O-O 14. Bd2 Bb7 15. Rc1 Rc8 16. Nc5 Bxc5 17. Rxc5 Nxd4 18. Rxc8 Nxf3+ 19. Bxf3 Qxc8 20. Qa4 Qc5 21. Rc1 Qd4 22. Be1 Qxb2 23. Rd1 Nc3 24. Bxc3 bxc3 25. Bxb7 c2 26. Bf3 cxd1=Q+ 27. Bxd1 Qb4 0-1


[Site "https://www.chess.com"]

[Event "Titled Tuesday Blitz November 14 Early 2023"]
[White "Aravindh, Chithambaram VR."]
[Black "Purtseladze, Maka"]
[WhiteFideId "5072786"]
[BlackFideId "13602659"]
[WhiteElo "2955"]
[BlackElo "2516"]
[Result "1-0"]
[Round "1"]
[TimeControl "180+1"]
[Date "2023.11.14"]
[WhiteClock "0:00:04"]
[BlackClock "0:00:05"]
[Board "30"]

1. b3 Nf6 2. Bb2 g6 3. e3 Bg7 4. Nf3 O-O 5. Be2 b6 6. O-O Bb7 7. c4 c5 8. Nc3 e6 9. d4 cxd4 10. Nxd4 d5 11. Bf3 Nc6 12. Rc1 Nxd4 13. Qxd4 Ne4 14. Qd1 dxc4 15. Bxe4 Bxe4 16. Nxe4 Bxb2 17. Rxc4 Qxd1 18. Rxd1 Rfd8 19. Rb1 Rac8 20. Kf1 Rxc4 21. bxc4 Ba3 22. Ke2 f5 23. Nc3 Bc5 24. Nb5 Rd7 25. h4 Kf7 26. g3 Ke7 27. Nc3 Rc7 28. Kd3 Rd7+ 29. Kc2 Rc7 30. Ne2 Bd6 31. Kb3 a6 32. Nd4 e5 33. Ne2 b5 34. cxb5 axb5 35. Nc3 Rb7 36. e4 b4 37. Nd5+ Ke6 38. f3 Ra7 39. Rf1 Ra3+ 40. Kb2 fxe4 41. fxe4 Rxg3 42. Rf6+ Kd7 43. Rf7+ Kc6 44. Rxh7 Rg2+ 45. Kb3 Re2 46. Nf6 Re3+ 47. Kb2 Bc5 48. Rg7 Bd4+ 49. Kc2 Re2+ 50. Kb3 Rb2+ 51. Kc4 Rxa2 52. Rxg6 Rb2 53. Nd5+ Kd7 54. h5 Rh2 55. Kxb4 Ke8 56. h6 Kf7 57. Rf6+ Kg8 58. Ne7+ Kh7 59. Nf5 Re2 60. Rf7+ Kh8 61. Rf8+ Kh7 62. Rf7+ Kh8 63. Ne7 Rh2 64. Ng6+ Kg8 65. Rg7# 1-0


[Site "https://www.chess.com"]

[Event "Titled Tuesday Blitz November 14 Early 2023"]
[White "Osmak, Yuliia"]
[Black "Galchenko, Matvey"]
[WhiteFideId "14101602"]
[BlackFideId "24175480"]
[WhiteElo "2516"]
[BlackElo "2954"]
[Result "1-0"]
[Round "1"]
[TimeControl "180+1"]
[Date "2023.11.14"]
[WhiteClock "0:00:33"]
[BlackClock "0:00:01"]
[Board "31"]

1. e4 e6 2. d4 d5 3. exd5 exd5 4. Nf3 Nf6 5. Bd3 c5 6. O-O Nc6 7. Re1+ Be7 8. dxc5 O-O 9. a3 Bxc5 10. b4 Bb6 11. Nbd2 Ng4 12. Re2 Nd4 13. Nxd4 Bxd4 14. Rb1 Qh4 15. Nf3 Nxf2 16. Bxh7+ Qxh7 17. Qxd4 Ne4 18. Bb2 Be6 19. Rf1 a5 20. c4 Rad8 21. c5 axb4 22. axb4 Bd7 23. Qxd5 Bc6 24. Qc4 Bd5 25. Qc2 Rfe8 26. Rfe1 Qf5 27. Nd4 Qg4 28. Nb5 Bc6 29. Nd4 Bd5 30. b5 Rc8 31. c6 bxc6 32. Nxc6 Qf5 33. Qd3 Bxc6 34. bxc6 Qc5+ 35. Bd4 Qxc6 36. Rxe4 Red8 37. Qg3 Qh6 38. Rg4 g6 39. Rh4 1-0


[Site "https://www.chess.com"]

[Event "Titled Tuesday Blitz November 14 Early 2023"]
[White "Mitrabha, Guha"]
[Black "Tifferet, Shaked"]
[WhiteFideId "5057000"]
[BlackFideId "2811529"]
[WhiteElo "2951"]
[BlackElo "2515"]
[Result "1-0"]
[Round "1"]
[TimeControl "180+1"]
[Date "2023.11.14"]
[WhiteClock "0:01:21"]
[BlackClock "0:00:20"]
[Board "32"]

1. d4 g6 2. e4 Bg7 3. Nc3 c5 4. dxc5 Qa5 5. Bd2 Qxc5 6. Nd5 Nf6 7. Bb4 Qc6 8. Bb5 Nxd5 9. Bxc6 Nxb4 10. Ba4 Bxb2 11. Rb1 Bc3+ 12. Kf1 b6 13. Ne2 Ba6 14. Rxb4 Bxb4 15. Qd4 O-O 16. Qxb4 Rc8 17. Qxe7 Nc6 18. Qf6 Nb4 19. Bb3 d5 20. f3 Nxc2 21. Kf2 Nb4 22. h4 Rc6 23. Qa1 dxe4 24. h5 e3+ 25. Kg3 gxh5 26. Nf4 Re8 27. Rxh5 e2 28. Bxf7+ Kxf7 29. Rxh7+ 1-0


[Site "https://www.chess.com"]

[Event "Titled Tuesday Blitz November 14 Early 2023"]
[White "Molenda, Marcin"]
[Black "Sjugirov, Sanan"]
[WhiteFideId "1173065"]
[BlackFideId "4189302"]
[WhiteElo "2514"]
[BlackElo "2943"]
[Result "1-0"]
[Round "1"]
[TimeControl "180+1"]
[Date "2023.11.14"]
[WhiteClock "0:00:03"]
[BlackClock "0:00:00"]
[Board "33"]

1. e4 e5 2. Nf3 Nc6 3. Bb5 a6 4. Ba4 Nf6 5. O-O d6 6. Re1 Bd7 7. c4 g6 8. Nc3 Bg7 9. Bxc6 bxc6 10. d4 exd4 11. Nxd4 O-O 12. Bf4 Re8 13. Qd2 c5 14. Nc2 Bc6 15. f3 Nd7 16. Rad1 Rb8 17. b3 Qf6 18. Nd5 Bxd5 19. cxd5 a5 20. Bg5 Qc3 21. Qxc3 Bxc3 22. Re3 Bg7 23. a4 Rb7 24. Red3 Reb8 25. Bd2 Ne5 26. Rc3 f5 27. exf5 gxf5 28. Na3 Rxb3 29. Nb5 Rb4 30. Ra3 Nc4 31. Bxb4 axb4 32. Rb3 Na5 33. Rbb1 b3 34. Kf1 c4 35. Rdc1 b2 36. Rc2 Nb3 37. Ke1 c3 38. Nxc3 Na1 39. Kd2 Nxc2 40. Kxc2 Rb4 41. Rxb2 Rc4 42. Rb3 Kf7 43. Kd3 Rc5 44. Ra3 Bxc3 45. Rxc3 Rxd5+ 46. Kc4 Rc5+ 47. Kb3 1-0


[Site "https://www.chess.com"]

[Event "Titled Tuesday Blitz November 14 Early 2023"]
[White "Khismatullin, Denis"]
[Black "Nilsen, Tobias Lang"]
[WhiteFideId "4142578"]
[BlackFideId "1521624"]
[WhiteElo "2940"]
[BlackElo "2514"]
[Result "1-0"]
[Round "1"]
[TimeControl "180+1"]
[Date "2023.11.14"]
[WhiteClock "0:00:55"]
[BlackClock "0:00:04"]
[Board "34"]

1. e4 e6 2. d4 d5 3. exd5 exd5 4. Nf3 Nf6 5. Bd3 c5 6. O-O c4 7. Re1+ Be7 8. Bf1 O-O 9. b3 cxb3 10. axb3 Nc6 11. h3 h6 12. c3 Bf5 13. Na3 Re8 14. Nc2 Ne4 15. Bb2 Rc8 16. Ne3 Bh7 17. Bd3 a6 18. c4 dxc4 19. bxc4 Nb4 20. Bb1 b5 21. c5 Nf6 22. Bxh7+ Nxh7 23. Qb3 a5 24. Ne5 Rf8 25. Bc3 Bf6 26. Bxb4 axb4 27. Qxb4 Bxe5 28. dxe5 Qd7 29. Rad1 Qc6 30. Nf5 Qxc5 31. Qg4 Ng5 32. h4 Ne6 33. Rd6 Qc4 34. Re4 Qc1+ 35. Kh2 g6 36. Rxe6 Kh7 37. Re7 gxf5 38. Qxf5+ Kh8 39. Qf6+ Kh7 40. Rg4 1-0


[Site "https://www.chess.com"]

[Event "Titled Tuesday Blitz November 14 Early 2023"]
[White "Cristi_Coca"]
[Black "Gurel, Ediz"]
[BlackFideId "44507356"]
[WhiteElo "2513"]
[BlackElo "2935"]
[Result "0-1"]
[Round "1"]
[TimeControl "180+1"]
[Date "2023.11.14"]
[WhiteClock "0:00:00"]
[BlackClock "0:00:04"]
[Board "35"]

1. e4 c5 2. c3 Nf6 3. e5 Nd5 4. Nf3 e6 5. d4 cxd4 6. cxd4 d6 7. Bc4 Nc6 8. O-O Nb6 9. Bb3 Be7 10. Qe2 O-O 11. Qe4 d5 12. Qg4 f5 13. exf6 Bxf6 14. Nc3 e5 15. Qh5 g6 16. Qh6 Bg7 17. Qg5 Bf6 18. Qh6 exd4 19. Ng5 Bxg5 20. Bxg5 Qd7 21. Ne4 Qf5 22. Rae1 Bd7 23. Nd6 Qd3 24. Rd1 Qe2 25. Rde1 Qd3 26. Rd1 Qe2 27. Rde1 Qxb2 28. Ne4 d3 29. Nc5 Bf5 30. Na4 Qd4 31. Nxb6 axb6 32. Be3 Qe5 33. Bxb6 Qd6 34. Qe3 Rfe8 35. Qxe8+ Rxe8 36. Rxe8+ Kf7 37. Rfe1 d2 38. R1e2 Be4 39. Ra8 Qb4 40. Be3 d1=Q+ 41. Bxd1 Qb1 42. Rd2 Bc2 43. g3 Bxd1 44. Kg2 Qe4+ 45. Kg1 Bf3 46. Rh8 Qb1+ 0-1


[Site "https://www.chess.com"]

[Event "Titled Tuesday Blitz November 14 Early 2023"]
[White "Ashraf, Artin"]
[Black "elmusmolamas"]
[WhiteFideId "22514805"]
[WhiteElo "2933"]
[BlackElo "2512"]
[Result "1-0"]
[Round "1"]
[TimeControl "180+1"]
[Date "2023.11.14"]
[WhiteClock "0:00:04"]
[BlackClock "0:00:04"]
[Board "36"]

1. c4 Nf6 2. Nf3 e6 3. d4 a6 4. Nc3 d5 5. cxd5 exd5 6. Bg5 Be7 7. e3 O-O 8. Bd3 Nc6 9. O-O Re8 10. Nd2 Be6 11. Rc1 h6 12. Bf4 Bd6 13. Bxd6 Qxd6 14. h3 Ne7 15. Qc2 c6 16. Qb3 Rab8 17. Nf3 Bf5 18. Be2 Ne4 19. Nxe4 Bxe4 20. Nd2 Bf5 21. Rc3 Qg6 22. Kh2 Qd6+ 23. Kh1 Ng6 24. Nf3 Be4 25. Rfc1 Qf6 26. Qd1 Nh4 27. Nxh4 Qxh4 28. Kg1 Qg5 29. Bf3 Bxf3 30. Qxf3 Re6 31. b4 Rbe8 32. a4 Rf6 33. Qg4 Qxg4 34. hxg4 Rg6 35. f3 Rge6 36. Kf2 R8e7 37. Rb1 g6 38. b5 cxb5 39. axb5 a5 40. b6 Kg7 41. Ra3 g5 42. Rbb3 Rc6 43. Rxa5 Rc2+ 44. Kg3 h5 45. Rxd5 f5 46. gxf5 h4+ 47. Kh3 Re8 48. e4 Ra8 49. Rd7+ Kh6 50. Rc7 Rf2 51. Rb1 Raa2 52. Rg1 Rad2 53. d5 Rd3 54. Rxb7 Rb2 55. Re7 Rxb6 56. Re6+ Kh5 57. Rxb6 g4+ 58. Kh2 g3+ 59. Kh1 Rd2 60. Rg6 h3 61. Rxg3 h2 62. Rh3+ 1-0


[Site "https://www.chess.com"]

[Event "Titled Tuesday Blitz November 14 Early 2023"]
[White "Hnydiuk, Aleksander"]
[Black "Elsa167"]
[WhiteFideId "1109057"]
[WhiteElo "2509"]
[BlackElo "2930"]
[Result "1-0"]
[Round "1"]
[TimeControl "180+1"]
[Date "2023.11.14"]
[WhiteClock "0:01:04"]
[BlackClock "0:01:18"]
[Board "37"]

1. e4 e6 2. d4 d5 3. Nc3 Bb4 4. a3 Bxc3+ 5. bxc3 dxe4 6. Qg4 Nf6 7. Qxg7 Rg8 8. Qh6 c5 9. Ne2 cxd4 10. cxd4 Nc6 11. Bb2 Rg6 12. Qd2 Bd7 13. Nf4 Rg8 14. Be2 Ne7 15. c4 Ng6 16. O-O Nh4 17. Kh1 Ng4 18. h3 Qg5 19. Bxg4 f5 20. Bh5+ Kd8 21. g3 Nf3 22. Bxf3 exf3 23. d5 exd5 24. cxd5 Rg6 25. Ne6+ Bxe6 26. Qxg5+ Rxg5 27. Bf6+ Kd7 28. Bxg5 Bxd5 1-0


[Site "https://www.chess.com"]

[Event "Titled Tuesday Blitz November 14 Early 2023"]
[White "Yeletsky, Ivan"]
[Black "Karas, Marek"]
[WhiteFideId "24180327"]
[BlackFideId "14928558"]
[WhiteElo "2925"]
[BlackElo "2508"]
[Result "0-1"]
[Round "1"]
[TimeControl "180+1"]
[Date "2023.11.14"]
[WhiteClock "0:00:50"]
[BlackClock "0:00:55"]
[Board "38"]

1. e4 e6 2. Qe2 c5 3. Nf3 Nc6 4. g3 Nf6 5. Bg2 d5 6. exd5 Nxd5 7. O-O Be7 8. Rd1 Nf6 9. Nc3 O-O 10. d4 Nxd4 11. Nxd4 cxd4 12. Nb5 Bc5 13. c3 Qe7 14. b4 Bb6 15. Nxd4 Bxd4 16. Rxd4 e5 17. h3 Re8 18. Rd1 Bf5 19. Be3 Rac8 20. Bc5 Qc7 21. Bd6 Qxc3 22. Bxb7 Rcd8 23. Bg2 Rxd6 24. Rxd6 Qxa1+ 25. Kh2 h6 26. Ra6 Qd4 27. a3 Bd3 0-1


[Site "https://www.chess.com"]

[Event "Titled Tuesday Blitz November 14 Early 2023"]
[White "Hajiyev, Kanan"]
[Black "Bharath Subramaniyam H"]
[WhiteFideId "13404148"]
[BlackFideId "46634827"]
[WhiteElo "2507"]
[BlackElo "2919"]
[Result "0-1"]
[Round "1"]
[TimeControl "180+1"]
[Date "2023.11.14"]
[WhiteClock "0:00:02"]
[BlackClock "0:01:35"]
[Board "39"]

1. d4 Nf6 2. Nf3 b6 3. c4 Bb7 4. g3 g6 5. Bg2 Bg7 6. O-O O-O 7. b3 e6 8. Bb2 d5 9. Nbd2 a5 10. Ne5 Nbd7 11. Nxd7 Qxd7 12. Qc2 a4 13. Rfe1 Rfc8 14. e4 a3 15. Bc3 c5 16. Rad1 b5 17. exd5 exd5 18. dxc5 bxc4 19. b4 Qb5 20. Re7 Re8 21. Rxb7 Qxb7 22. Nxc4 Qc7 23. Nd6 Re7 24. Bxf6 Bxf6 25. Bxd5 Rd8 26. b5 Rxd6 27. Bxf7+ Rxf7 28. Rxd6 Be7 29. b6 Qc8 30. Rd3 Bxc5 31. Qb3 Bxf2+ 32. Kg2 Qb7+ 33. Kh3 Bxb6 34. Rd7 Qxd7+ 0-1


[Site "https://www.chess.com"]

[Event "Titled Tuesday Blitz November 14 Early 2023"]
[White "Shubin, Kirill"]
[Black "Baches Garcia, Guillermo"]
[WhiteFideId "34119962"]
[BlackFideId "2209764"]
[WhiteElo "2918"]
[BlackElo "2506"]
[Result "0-1"]
[Round "1"]
[TimeControl "180+1"]
[Date "2023.11.14"]
[WhiteClock "0:00:02"]
[BlackClock "0:00:05"]
[Board "40"]

1. e4 d5 2. exd5 Qxd5 3. Nc3 Qa5 4. d4 Nf6 5. Bc4 Bg4 6. Nf3 Nc6 7. h3 Qh5 8. d5 O-O-O 9. Be2 Nxd5 10. Nxd5 Rxd5 11. Bd2 e5 12. O-O Bxh3 13. gxh3 Qxh3 14. Ng5 Qh4 15. Nxf7 Bc5 16. Kg2 Rf8 17. Bg4+ Kb8 18. Be6 Rd4 19. c3 Rxd2 20. Qxd2 Rxf7 21. Qd3 Rf6 22. Bh3 Rg6+ 23. Kh1 e4 24. Qd7 a5 25. Rae1 Ne5 26. Qf5 Nf3 27. Rxe4 Qxf2 28. Re8+ Ka7 29. Rxf2 Rg1# 0-1


[Site "https://www.chess.com"]

[Event "Titled Tuesday Blitz November 14 Early 2023"]
[White "Jovic, Stanoje"]
[Black "Baskakov, Egor"]
[WhiteFideId "905020"]
[BlackFideId "24197866"]
[WhiteElo "2505"]
[BlackElo "2917"]
[Result "0-1"]
[Round "1"]
[TimeControl "180+1"]
[Date "2023.11.14"]
[WhiteClock "0:00:00"]
[BlackClock "0:00:16"]
[Board "41"]

1. c4 Nf6 2. g3 e6 3. Bg2 d5 4. Nf3 Be7 5. O-O O-O 6. d4 Ne4 7. Nc3 f5 8. Ne5 c6 9. f3 Nxc3 10. bxc3 Nd7 11. Nxd7 Bxd7 12. Qd3 b5 13. c5 e5 14. e4 fxe4 15. fxe4 Rxf1+ 16. Kxf1 dxe4 17. Bxe4 exd4 18. cxd4 h6 19. Bf4 Bf6 20. Bd6 Qa5 21. a3 Re8 22. Kg2 Be6 23. Bxc6 Bc4 24. Qf3 Re2+ 25. Kh1 Qd2 26. g4 Qxd4 27. Rg1 Rf2 28. Qe4 Re2 29. Qxd4 Bxd4 30. Rd1 Bb2 31. Bd5+ Bxd5+ 32. Rxd5 Bxa3 33. c6 Bxd6 34. Rxd6 Rc2 35. h4 a5 36. g5 hxg5 37. hxg5 Kf7 38. Rd5 Rxc6 39. Rxb5 Ra6 40. Rb3 a4 41. Ra3 Kg6 42. Kg2 Kxg5 43. Kf3 Kf5 44. Ke3 g5 45. Kf3 g4+ 46. Kg3 Kg5 47. Kg2 Kf4 48. Kf2 Ra5 49. Kg2 Ke4 50. Kg3 Kd4 51. Kxg4 Kc4 52. Kf3 Kb4 53. Ra1 Kb3 54. Ke3 a3 55. Rb1+ Kc2 56. Rh1 a2 0-1


[Site "https://www.chess.com"]

[Event "Titled Tuesday Blitz November 14 Early 2023"]
[White "Rustemov, Alexander"]
[Black "Chernomordik, Pavel"]
[WhiteFideId "4119002"]
[BlackFideId "2804530"]
[WhiteElo "2915"]
[BlackElo "2505"]
[Result "1-0"]
[Round "1"]
[TimeControl "180+1"]
[Date "2023.11.14"]
[WhiteClock "0:01:03"]
[BlackClock "0:00:03"]
[Board "42"]

1. d4 g6 2. c4 Bg7 3. Nf3 d6 4. g3 Nf6 5. Bg2 O-O 6. Nc3 c6 7. O-O a6 8. e4 Nfd7 9. Be3 b5 10. c5 a5 11. a3 Bb7 12. Qc2 Na6 13. Rab1 dxc5 14. dxc5 Naxc5 15. Rfd1 Ne6 16. Nd4 Nxd4 17. Bxd4 Bxd4 18. Rxd4 e5 19. Rd2 Qe7 20. Rbd1 Nb6 21. Bf1 Rfd8 22. Na2 Rxd2 23. Qxd2 Qe6 24. Nc1 c5 25. f3 c4 26. Qd6 Na4 27. Qxe6 fxe6 28. b3 cxb3 29. Nxb3 Nc3 30. Rd7 Ba6 31. Nxa5 Bc8 32. Rd8+ Kf7 33. Nc6 Bb7 34. Rd7+ 1-0


[Site "https://www.chess.com"]

[Event "Titled Tuesday Blitz November 14 Early 2023"]
[White "Sreyas Payyappat"]
[Black "Chigaev, Maksim"]
[WhiteFideId "46674969"]
[BlackFideId "4108116"]
[WhiteElo "2505"]
[BlackElo "2907"]
[Result "0-1"]
[Round "1"]
[TimeControl "180+1"]
[Date "2023.11.14"]
[WhiteClock "0:00:14"]
[BlackClock "0:00:41"]
[Board "43"]

1. e4 c5 2. Nf3 d6 3. d4 cxd4 4. Nxd4 Nf6 5. Nc3 a6 6. h4 h6 7. Be3 e5 8. Nb3 Be6 9. f3 h5 10. Be2 Nbd7 11. Qd2 Rc8 12. O-O-O Be7 13. g4 hxg4 14. fxg4 b5 15. h5 b4 16. Nd5 Nxe4 17. Qxb4 Ng3 18. Rhe1 Nxe2+ 19. Rxe2 Bxd5 20. Rxd5 O-O 21. Kb1 Qc7 22. g5 Qc4 23. Qd2 Qg4 24. h6 g6 25. Rg2 Qe4 26. Rd3 Kh7 27. Rf2 f5 28. gxf6 Nxf6 29. Qe2 Ng4 30. Rxf8 Rxf8 31. Nd2 Qh1+ 0-1


[Site "https://www.chess.com"]

[Event "Titled Tuesday Blitz November 14 Early 2023"]
[White "Zhigalko, Sergei"]
[Black "Shuvalov, Evgenij"]
[WhiteFideId "13502956"]
[BlackFideId "4187237"]
[WhiteElo "2901"]
[BlackElo "2505"]
[Result "1-0"]
[Round "1"]
[TimeControl "180+1"]
[Date "2023.11.14"]
[WhiteClock "0:01:38"]
[BlackClock "0:00:54"]
[Board "44"]

1. e4 e6 2. d4 d5 3. e5 c5 4. c3 Nc6 5. Nf3 Qb6 6. Bd3 cxd4 7. O-O Bd7 8. Re1 Nge7 9. h4 a6 10. h5 g6 11. Nbd2 gxh5 12. Nf1 Ng6 13. Ng3 h4 14. Nh5 O-O-O 15. cxd4 Nxd4 16. Nxd4 Qxd4 17. Be3 Qa4 18. b3 Qa3 19. Bb6 Bh6 20. Bxd8 Rxd8 21. Qf3 Be8 22. Nf6 Bc6 23. Ng4 Bf4 24. Bxg6 fxg6 25. Qxf4 Rf8 26. Nf6 Qe7 27. Qxh4 Rf7 28. Rac1 Kb8 29. Qd4 Qd8 30. Re3 g5 31. Rec3 Rc7 32. Qb6 d4 33. Rxc6 1-0


[Site "https://www.chess.com"]

[Event "Titled Tuesday Blitz November 14 Early 2023"]
[White "Kanyamarala, Trisha"]
[Black "Sychev, Klementy"]
[WhiteFideId "45004722"]
[BlackFideId "4114060"]
[WhiteElo "2505"]
[BlackElo "2898"]
[Result "0-1"]
[Round "1"]
[TimeControl "180+1"]
[Date "2023.11.14"]
[WhiteClock "0:00:11"]
[BlackClock "0:00:15"]
[Board "45"]

1. c4 g6 2. Nc3 Bg7 3. d3 c5 4. Nf3 Nc6 5. g3 e6 6. Bg2 Nge7 7. O-O O-O 8. a3 d5 9. Rb1 b6 10. Bd2 a5 11. Qc2 d4 12. Na4 Qd6 13. b4 axb4 14. axb4 cxb4 15. Nxb6 Ra5 16. Rfc1 Qc5 17. Na4 Qa7 18. Nb2 Bd7 19. e3 Rb8 20. c5 Nd5 21. exd4 Nxd4 22. Nxd4 Bxd4 23. c6 Rc5 24. Nc4 Bxc6 25. Qd1 Bxf2+ 26. Kh1 Bd4 27. Qg4 Bg7 28. d4 Rcb5 29. Nd6 R5b6 30. Ra1 Qd7 31. Nc4 Nf6 32. Nxb6 Rxb6 33. Bxc6 Rxc6 34. Ra8+ Bf8 35. Qd1 Rxc1 36. Qxc1 Qd5+ 37. Kg1 Qxa8 38. Qc7 Nd5 39. Qe5 b3 40. Bc1 Qc6 41. Ba3 Bxa3 42. Qb8+ Bf8 43. Qxb3 Qc1+ 44. Kg2 Qc2+ 45. Qxc2 Ne3+ 46. Kf3 Nxc2 47. Ke2 Nxd4+ 48. Kd3 Nf5 49. Ke4 h5 50. h3 Nxg3+ 51. Kf3 Nf5 52. Kf4 Kg7 53. Ke5 Be7 54. h4 Bxh4 55. Ke4 Kf6 56. Kf4 Bg5+ 57. Ke4 Bh6 58. Kf3 g5 59. Kg2 g4 60. Kf2 e5 61. Kg2 e4 62. Kf1 Nd6 63. Kg2 Nc4 0-1


[Site "https://www.chess.com"]

[Event "Titled Tuesday Blitz November 14 Early 2023"]
[White "Kovalev, Vladislav"]
[Black "Erzhanov, Arman"]
[WhiteFideId "13504398"]
[BlackFideId "4138821"]
[WhiteElo "2898"]
[BlackElo "2504"]
[Result "1-0"]
[Round "1"]
[TimeControl "180+1"]
[Date "2023.11.14"]
[WhiteClock "0:00:40"]
[BlackClock "0:00:06"]
[Board "46"]

1. e4 c5 2. Nf3 Nc6 3. Nc3 Nf6 4. Bb5 g6 5. O-O Bg7 6. Re1 O-O 7. Bxc6 dxc6 8. h3 Nd7 9. e5 Re8 10. d3 Nf8 11. Be3 b6 12. a4 a5 13. Qd2 Ne6 14. Bh6 Bh8 15. Re4 Nd4 16. Nxd4 cxd4 17. Ne2 c5 18. Ng3 Bb7 19. Re2 Qd5 20. f4 Rac8 21. b3 Bc6 22. Ne4 Qd7 23. Ng5 Bd5 24. Rf1 e6 25. Qe1 f6 26. exf6 Bxf6 27. Qg3 Re7 28. Rfe1 Rce8 29. Nf3 Qc7 30. Ne5 Bxe5 31. Rxe5 Rb8 32. h4 Kh8 33. h5 Rg8 34. Bg5 Rf7 35. Qh4 gxh5 36. Bf6+ Rxf6 37. Qxf6+ Qg7 38. Qxg7+ Rxg7 39. R1e2 h4 40. Kh2 Rg4 41. f5 Kg7 42. fxe6 Bc6 43. e7 Be8 44. Rf5 Bg6 45. e8=Q Bxe8 46. Rxe8 Rg3 47. Rf4 Rg6 48. Rxh4 Rf6 49. Rg4+ Kh6 50. Re1 Rf2 51. Kg3 Rxc2 52. Rh1# 1-0


[Site "https://www.chess.com"]